 Dungeon Crawl Stone Soup version 0.17-a0-1382-gc46a074 (webtiles) character file.

94 ololoev the Cudgeler (level 4, -2/41 HPs)
             Began as an Ogre Arcane Marksman on June 15, 2015.
             Slain by Grinder (3 damage)
             ... on level 3 of the Dungeon.
             The game lasted 00:04:48 (2729 turns).

ololoev the Cudgeler (Ogre Arcane Marksman)         Turns: 2729, Time: 00:04:48

Health: -2/41      AC:  3    Str: 17    XL:     4   Next: 63%
Magic:  5/5        EV:  9    Int: 12    God:
Gold:   100        SH:  0    Dex:  9    Spells: 1 memorised, 4 levels left

rFire  . . .     SeeInvis .     g - +0 club
rCold  . . .     Clarity  .     c - +0 robe
rNeg   . . .     SustAt   .     (no shield)
rPois  +         Gourm    .     (helmet restricted)
rElec  .         Spirit   .     (no cloak)
rCorr  .         Warding  .     (gloves unavailable)
rMut   .         Stasis   .     (boots unavailable)
MR     .....                    i - amulet of faith
Stlth  +.........               (no ring)
                                f - ring of poison resistance

@: not resistant to hostile enchantments, very unstealthy
A: unfitting armour, tough skin 1
a: no special abilities


Innate Abilities, Weirdness & Mutations

You are too large for most types of armour.
You have tough skin (AC +1).

Inventory:

Hand weapons
 g - a +0 club (weapon)
Missiles
 q - a throwing net (quivered)
Armour
 c - a +0 robe (worn)
Jewellery
 f - a ring of poison resistance (left hand)
 i - an amulet of faith (around neck)
Scrolls
 j - a scroll of recharging {unknown}
 k - a scroll of identify {unknown}
 l - 3 scrolls of enchant weapon {unknown}
 n - a scroll of enchant armour {unknown}
 p - a scroll of teleportation {unknown}
 r - a scroll of remove curse
Potions
 h - a potion of might {unknown}
 o - a potion of curing {unknown}
Books
 d - a book of Debilitation

   Spells                             Type                      Level
   a - Corona                         Hexes                        1
   b - Slow                           Hexes                        2
   c - Gell's Gravitas                Hexes/Translocation          3
   d - Inner Flame                    Hexes/Fire                   3
   e - Cause Fear                     Hexes                        4
   f - Leda's Liquefaction            Hexes/Earth                  4
Comestibles
 e - a bread ration


   Skills:
 - Level 1.3(0.6) Fighting
 * Level 4.1(2.0) Maces & Flails
 + Level 3.6(1.8) Throwing
 - Level 1.7(0.8) Dodging
 - Level 1.2(0.6) Spellcasting
 - Level 2.1(1.0) Hexes


You had 4 spell levels left.
You knew the following spells:

 Your Spells              Type           Power        Failure   Level  Hunger
a - Corona                Hex            #......      21%         1    ##.....


You were on level 3 of the Dungeon.
You were not hungry.

You visited 1 branch of the dungeon, and saw 3 of its levels.

You collected 100 gold pieces.

....##
#####
####
#(.
##(#
#.@#
#5##
.(.
###(
.. (#
.. .(

Notes
Turn   | Place    | Note
--------------------------------------------------------------
     0 | D:1      | ololoev the Ogre Arcane Marksman began the quest for the Orb.
     0 | D:1      | Reached XP level 1. HP: 19/19 MP: 2/2
   358 | D:1      | Reached XP level 2. HP: 21/27 MP: 3/3
   392 | D:1      | Reached skill level 1 in Maces & Flails
   508 | D:1      | Reached skill level 3 in Throwing
   953 | D:2      | Reached XP level 3. HP: 24/33 MP: 4/4
  1017 | D:2      | Noticed Terence
  1036 | D:2      | Killed Terence
  1193 | D:2      | Found a faded altar to an unknown god.
  1205 | D:2      | Reached XP level 4. HP: 37/41 MP: 5/5
  1224 | D:2      | Became a worshipper of Ashenzari the Shackled
  1302 | D:2      | Fell from the grace of Ashenzari
  2538 | D:2      | Reached skill level 4 in Maces & Flails
  2715 | D:3      | Noticed Grinder
  2719 | D:3      | Paralysed by Grinder for 7 turns
  2729 | D:3      | HP: 1/41 [Grinder (5)]
  2729 | D:3      | Slain by Grinder

Dungeon Overview and Level Annotations

Branches:
Dungeon (3/15)

Altars:
Ashenzari

Annotations:
D:3 Grinder


Message History

Throwing (i - inventory. (,) - cycle):
m - 5 silver javelins (quivered)
Press: ? - help, Shift-Dir - straight line, f/p - Grinder
Aim: Grinder (lightly wounded, chaotic)
You throw a silver javelin. The silver javelin hits Grinder.
The silver sears Grinder!
Grinder is moderately wounded.
Grinder gestures at you.
You suddenly lose the ability to move!
Grinder hits you.
You writhe in agony.
Grinder hits you!
You writhe in agony.
Grinder gestures.
Grinder blinks!
You can move again.
Throwing (i - inventory. (,) - cycle):
m - 4 silver javelins (quivered)
Press: ? - help, Shift-Dir - straight line, f/p - Grinder
Aim: Grinder (moderately wounded, chaotic)
You throw a silver javelin.
The silver javelin barely misses Grinder.
Grinder gestures.
Grinder blinks!
Throwing (i - inventory. (,) - cycle):
m - 3 silver javelins (quivered)
Press: ? - help, Shift-Dir - straight line, f/p - Grinder
Aim: Grinder (moderately wounded, chaotic)
You throw a silver javelin.
The silver javelin barely misses Grinder.
Grinder hits you.
You writhe in agony.
Throwing (i - inventory. (,) - cycle):
m - 2 silver javelins (quivered)
Press: ? - help, Shift-Dir - straight line, f/p - Grinder
Aim: Grinder (moderately wounded, chaotic)
You throw a silver javelin. The silver javelin hits Grinder!
The silver sears Grinder!
Grinder is severely wounded.
Grinder hits you.
You writhe in agony.
Throwing (i - inventory. (,) - cycle):
m - a silver javelin (quivered)
Press: ? - help, Shift-Dir - straight line, f/p - Grinder
Aim: Grinder (severely wounded, chaotic)
You throw a silver javelin.
The silver javelin closely misses Grinder.
Grinder hits you.
You writhe in agony.
You die...

You could see Grinder.

Vanquished Creatures
  Terence (D:2)
  An adder (D:2)
  An ooze (D:1)
  A worm (D:2)
  A giant gecko (D:1)
  2 orcs (D:2)
  A ball python (D:2)
  2 giant cockroaches (D:2)
  9 hobgoblins
  A quokka (D:2)
  6 bats
  3 giant newts (D:2)
  5 goblins
  10 kobolds
  3 rats
47 creatures vanquished.

Action                   |  1- 3 |  4- 6 || total
-------------------------+-------+-------++-------
Melee: Club              |    94 |   133 ||   227
Throw: Large rock        |     9 |     9 ||    18
       Javelin           |     2 |    10 ||    12
       Throwing net      |     2 |       ||     2
Invok: Renounce Religion |       |     1 ||     1
  Eat: Chunk             |     1 |     5 ||     6

Vault maps used:
D:1:      dpeg_arrival_line_fractal
D:2:      ecumenical_altar_2, minmay_statues_item, uniq_terence
D:3:      uniq_grinder, uniq_natasha
